 Dungeon Crawl Stone Soup version 0.31.0-12-g77e489cdc1 (webtiles) character file.

Game seed: 18133766648043088285

415 ChadusMaximus the Summoner (level 6, -1/41 HPs)
             Began as a Barachi Summoner on Mar 3, 2024.
             Was an Initiate of Hepliaklqana.
             Succumbed to Dowan's poison
             ... on level 4 of the Dungeon.
             The game lasted 00:04:13 (2962 turns).

ChadusMaximus the Summoner (Barachi Summoner)       Turns: 2962, Time: 00:04:14

Health: -1/41      AC:  4    Str:  9    XL:     6   Next: 91%
Magic:  18/21      EV: 12    Int: 17    God:    Hepliaklqana [......]
Gold:   120        SH:  0    Dex: 13    Spells: 8/14 levels left

rFire   . . .        d - +0 sling
rCold   . . .        (no shield)
rNeg    . . .        a - +0 robe
rPois   .            p - +0 helmet
rElec   .            r - scarf {+Inv}
rCorr   .            o - +0 pair of gloves
SInv    .            (no boots)
Will    .....        (no amulet)
Stlth   ++           k - ring of magical power
HPRegen 0.26/turn    (no ring)
MPRegen 0.17/turn

%: no passive effects
@: lethally poisoned (-1 -> -29), unable to hop, inugami summoned, slow
A: amphibious, slowness 1, strong legs 1, +LOS
a: Hop, Renounce Religion, Evoke Invisibility


You were on level 4 of the Dungeon.
You worshipped Hepliaklqana.
Hepliaklqana was noncommittal.
You visited 2 branches of the dungeon, and saw 5 of its levels.

You collected 120 gold pieces.

Inventory:

Hand Weapons
 d - a +0 sling (weapon)
Armour
 a - a +0 robe (worn)
 o - a +0 pair of gloves (worn)
 p - a +0 helmet (worn)
 r - a scarf of invisibility (worn)
Jewellery
 k - a ring of magical power (left hand)
Scrolls
 e - 2 scrolls of teleportation {unknown}
 i - a scroll of brand weapon {unknown}
 j - a scroll of vulnerability {unknown}
 m - 5 scrolls of identify {unknown}
 n - a scroll of fog {unknown}
 q - a scroll of enchant weapon {unknown}
 s - a scroll of blinking {unknown}
Potions
 b - a potion of magic
 c - 3 potions of degeneration {unknown}
 f - 2 potions of heal wounds {unknown}
 g - a potion of ambrosia {unknown}
 h - a potion of mutation {unknown}
 l - a potion of enlightenment {unknown}


   Skills:
 - Level 2.1 Dodging
 - Level 1.7 Stealth
 + Level 4.5 Spellcasting
 * Level 8.3 Summonings


You had 8 spell levels left.
You knew the following spells:

 Your Spells              Type           Power      Damage    Failure   Level
a - Summon Small Mammal   Summ           100%       N/A       1%          1
b - Call Canine Familiar  Summ           32%        N/A       1%          3
c - Call Imp              Summ           64%        N/A       1%          2

Your spell library contained the following spells:

 Spells                   Type           Power      Damage    Failure   Level
 Mercury Vapours          Alch/Air       6%         N/A       22%         2
 Summon Blazeheart Golem  Fire/Summ      18%        N/A       26%         4
 Summon Lightning Spire   Summ/Air       18%        N/A       26%         4
 Mephitic Cloud           Conj/Alch/Air  3%         N/A       41%         3
 Freezing Cloud           Conj/Ice/Air   1%         6-21      99%         5


Dungeon Overview and Level Annotations

Branches:
Dungeon (4/15)             Temple (1/1) D:4

Altars:
Ashenzari
Cheibriados
Dithmenos
Elyvilon
Fedhas
Gozag
Hepliaklqana
Kikubaaqudgha
Nemelex Xobeh
Okawaru
Qazlal
Ru
Sif Muna
Trog
Uskayaw
Vehumet
Wu Jian
Xom
Yredelemnul
Zin
The Shining One

Annotations:
D:4 Dowan, Duvessa


Innate Abilities, Weirdness & Mutations

You are amphibious.
You cover ground slowly.
You can hop short distances.
You have an extended range of vision and can be seen from far away.


Message History

Confirm with . or Enter, or press ? or * to list all spells.
Your bat dies!
Your bat's corpse disappears in a puff of smoke!
Your bat closely misses Dowan.
Your inugami hits Duvessa but does no damage.
Your cerulean imp closely misses Dowan.
Unknown command.
Your bat closely misses Dowan.
Your bat completely misses Dowan.
Dowan gestures wildly while chanting.
Dowan blinks!
Your quokka bites Duvessa.
Dowan attacks as he pursues you!
Dowan hits you with a +1 dagger of venom!
You are poisoned.
Duvessa says, "Where magic fails, the sword succeeds!"
Things that are here:
a +0 scythe; a +0 robe; the human corpse of Sigmund You shoot a sling bullet.
The sling bullet closely misses Duvessa.
You feel very sick.
Your bat hits Dowan. Duvessa hits you but does no damage.
Your quokka closely misses Duvessa.
Dowan closely misses you. Duvessa barely misses you.
Your cerulean imp hits Dowan but does no damage.
Your quokka bites Duvessa but does no damage.
Dowan hits you with a +1 dagger of venom.
You are more poisoned.
Your inugami hits Duvessa.
You feel very sick.
Your cerulean imp disappears in a puff of smoke!
Your bat misses Dowan.
Your quokka closely misses Dowan.
Duvessa hits you with a +0 short sword.
* * * LOW HITPOINT WARNING * * *
Dowan attacks as he pursues you!
Dowan hits you with a +1 dagger of venom!
* * * LOW HITPOINT WARNING * * *
You are more poisoned.
Hop to where?
Press: ? - help, Dir - move target, p - Duvessa Boing!
You die...

..####.##..>.##.......#......
....##.###...............#
............#...........##
............##.......b..#
...........###.......r..#
............#..#.##..h###
............#..#####ee##
.>...............###○..#
................@......#
.##...#......##..###....#
#..#.#....<..##### ##.....
#....#..#........ .#.....
.#....##.......#. .#.#...#
....>.........## .#.#####
.##....#.......#.. .. #
#..#....#......... ..
...#.#..#......##.


There were no monsters in sight!

Vanquished Creatures
  4 adders
  A dart slug (D:3)
  3 ribbon worms (D:2)
  3 orcs
  5 endoplasms
  A giant cockroach (D:1)
  6 goblins
  3 hobgoblins
  3 quokkas
  4 ball pythons
  2 bats
  7 frilled lizards
  A kobold (D:2)
  A rat (D:2)
44 creatures vanquished.

Vanquished Creatures (collateral kills)
  A bombardier beetle (D:4)
  2 iguanas
  Natasha (thrice) (D:4)
  Robin (D:3)
  2 ribbon worms (D:4)
  2 orcs (D:4)
  2 ball pythons
  6 goblins (D:3)
  A hobgoblin (D:4)
  2 quokkas
  3 bats
  A frilled lizard (D:2)
  A kobold (D:2)
27 creatures vanquished.

Vanquished Creatures (others)
  Sigmund (D:4)
1 creature vanquished.

Grand Total: 72 creatures vanquished

Notes
Turn   | Place    | Note
-------+----------+-------------------------------------------
     0 | D:1      | ChadusMaximus the Barachi Summoner began the quest for the
                  | Orb.
     0 | D:1      | Reached XP level 1. HP: 13/13 MP: 3/3
   176 | D:1      | Reached skill level 5 in Summonings
   204 | D:1      | Noticed an eye of devastation
   207 | D:1      | Noticed a glass eye
   210 | D:1      | Found a faded altar of an unknown god.
   210 | D:1      | Noticed a glass eye
   225 | D:1      | Reached XP level 2. HP: 14/19 MP: 5/5
   245 | D:1      | Noticed a glass eye
   884 | D:2      | Reached XP level 3. HP: 18/24 MP: 7/7
  1636 | D:3      | Reached skill level 6 in Summonings
  1651 | D:3      | Reached XP level 4. HP: 26/30 MP: 8/8
  1747 | D:3      | Learned a level 3 spell: Call Canine Familiar
  1750 | D:3      | Learned a level 2 spell: Call Imp
  1824 | D:3      | Noticed Robin
  1844 | D:3      | Killed Robin
  2057 | D:3      | Reached XP level 5. HP: 15/35 MP: 10/10
  2654 | D:4      | Reached skill level 7 in Summonings
  2728 | D:4      | Noticed Natasha
  2744 | D:4      | Killed Natasha
  2764 | D:4      | Noticed Natasha
  2769 | D:4      | Killed Natasha
  2770 | D:4      | Reached XP level 6. HP: 41/41 MP: 10/11
  2839 | D:4      | Found a staircase to the Ecumenical Temple.
  2839 | D:4      | Noticed Natasha
  2843 | D:4      | Killed Natasha
  2882 | Temple   | Entered the Ecumenical Temple
  2907 | Temple   | Became a worshipper of Hepliaklqana the Forgotten
  2931 | D:4      | Noticed Sigmund
  2943 | D:4      | Killed Sigmund
  2944 | D:4      | Reached skill level 8 in Summonings
  2950 | D:4      | Noticed Dowan
  2951 | D:4      | Noticed Duvessa
  2962 | D:4      | Succumbed to Dowan's poison

Illustrated notes

Levels and vault maps discovered:
D:1:      dpeg_arrival_tiny_a, layout_basic,
          hellmonk_ecumenical_altar_watching_god, nicolae_hexahallways,
          minmay_tetromino_o2
D:2:      layout_rooms
D:3:      layout_loops_ring, uniq_robin
D:4:      layout_cave_pools, minmay_temple_entry_mini_moons,
          gammafunk_ghost_necromancy, uniq_sigmund, uniq_duvessa, uniq_natasha
Temple:   compressed_dpeg_triangle_lava_temple

Skill      XL: |  1  2  3  4  5  6 |
---------------+-------------------+-----
Summonings     | 5 6 7 8 |  8.3
Spellcasting   | 3 4 |  4.5
Dodging        | |  2.1
Stealth        | |  1.7

Action                     |  1- 3 |  4- 6 || total
---------------------------+-------+-------++-------
  Melee: Unarmed           |    11 |       ||    11
   Fire: Sling             |   140 |    90 ||   230
   Cast: Summon Small Mamm |    17 |    12 ||    29
         Call Canine Famil |       |    11 ||    11
         Call Imp          |       |     9 ||     9
Ability: Hop               |       |     1 ||     1
   Stab: Sleeping          |     1 |       ||     1
 Armour: Robe              |    47 |    44 ||    91
  Dodge: Dodged            |    86 |    39 ||   125
